 Dungeon Crawl Stone Soup version 0.30-a0-465-g8901f6c8b5 (webtiles) character file.

Game seed: 17035708222535437510

3087 experimilk the Destroyer (level 9, 0/54 (55) HPs)
             Began as a Green Draconian Conjurer on Dec 18, 2022.
             Was a Follower of Hepliaklqana.
             Slain by a wight
             ... wielding a +0 mace
              (2 damage)
             ... on level 8 of the Dungeon.
             The game lasted 00:20:43 (11942 turns).

experimilk the Destroyer (DrCj)                    Turns: 11942, Time: 00:20:45

HP:   0/54 (55)     AC:  9    Str: 11    XL:     9   Next: 59%
MP:   17/17         EV: 12    Int: 28    God:    Hepliaklqana [*.....]
Gold: 410           SH:  5    Dex:  9    Spells: 3/19 levels left

rFire   . . .      SeeInvis .    (no weapon)
rCold   . . .      Faith    .    (no shield)
rNeg    . . .      Spirit   .    (body armour unavailable)
rPois   +          Reflect  +    (helmet restricted)
rElec   .          Harm     .    w - +0 cloak
rCorr   .          Rampage  .    (no gloves)
Will    .....                    f - +0 pair of boots
Stlth   ++........               l - amulet of reflection
HPRegen 0.29/turn                d - +4 ring of slaying
MPRegen 0.15/turn                o - +6 ring of intelligence

@: studying Fighting, lightly drained
A: reduced essence, breathe noxious fumes, AC +7, unfitting armour, poison
resistance, cold-blooded
a: Breathe Noxious Fumes, Renounce Religion, Recall Ancestor, Ancestor Identity


You were on level 8 of the Dungeon.
You worshipped Hepliaklqana.
Hepliaklqana was aware of your devotion.
You visited 2 branches of the dungeon, and saw 9 of its levels.

You collected 410 gold pieces.

Inventory:

Hand Weapons
 b - a +0 short sword
 t - a +2 whip of draining
Armour
 f - a +0 pair of boots (worn)
 w - a +0 cloak (worn)
Magical Staves
 k - a staff of conjuration
Jewellery
 d - a +4 ring of slaying (left hand)
 l - an amulet of reflection (around neck)
 o - a +6 ring of intelligence (right hand)
 q - a ring of willpower
 y - an amulet of regeneration
 A - a ring of see invisible
Wands
 v - a wand of flame (25)
 D - a wand of acid (6)
Scrolls
 h - 2 scrolls of brand weapon
 j - a scroll of noise {unknown}
 m - 2 scrolls of poison
 n - 2 scrolls of teleportation
 p - a scroll of fear {unknown}
 r - 2 scrolls of summoning
 z - a scroll of magic mapping {unknown}
 B - a scroll of enchant armour {unknown}
 F - a scroll of immolation {unknown}
 G - a scroll of vulnerability {unknown}
Potions
 a - a potion of lignification
 c - 2 potions of haste
 e - a potion of mutation
 g - 3 potions of heal wounds
 i - 2 potions of might
 u - a potion of magic
 x - a potion of invisibility {unknown}
 C - a potion of flight {unknown}
 E - 4 potions of curing
 H - a potion of attraction {unknown}


   Skills:
 - Level 1.7 Dodging
 - Level 1.7 Stealth
 - Level 0.9 Unarmed Combat
 + Level 5.9 Spellcasting
 - Level 12.0 Conjurations
 + Level 3.4 Transmutations


You had 3 spell levels left.
You knew the following spells:

 Your Spells              Type           Power      Damage    Failure   Level
a - Mephitic Cloud        Conj/Pois/Air  30%        N/A       3%          3
c - Blade Hands           Tmut           13%        N/A       38%         5
d - Magic Dart            Conj           100%       1d8       1%          1
x - Irradiate             Conj/Tmut      25%        3d20      7%          5
z - Searing Ray           Conj           100%       2d8       1%          2

Your spell library contained the following spells:

 Spells                   Type           Power      Damage    Failure   Level
 Dazzling Flash           Conj/Hex       82%        N/A       1%          3
 Passwall                 Tmut/Erth      15%        N/A       4%          2
 Call Imp                 Summ           8%         N/A       10%         2
 Ensorcelled Hibernation  Hex/Ice        16%        N/A       10%         2
 Summon Guardian Golem    Hex/Summ       8%         N/A       19%         3
 Swiftness                Air            8%         N/A       19%         3
 Fulminant Prism          Conj/Hex       20%        3d12      5%          4
 Iskenderun's Mystic Bla  Conj/Tloc      41%        2d9       5%          4
 Orb of Destruction       Conj           33%        9d10      36%         7
 Spellforged Servitor     Conj/Summ      20%        N/A       99%         7
 Dragon Form              Tmut           13%        N/A       100%        7


Dungeon Overview and Level Annotations

Branches:
Dungeon (8/15)             Temple (1/1) D:4
   Lair: D:8-11

Altars:
Ashenzari
Cheibriados
Dithmenos
Elyvilon
Fedhas
Gozag
Hepliaklqana
Makhleb
Nemelex Xobeh
Okawaru
Qazlal
Ru
Trog
Uskayaw
Vehumet
Wu Jian
Xom
Yredelemnul
The Shining One

Annotations:
D:3 2 transporters
D:5 1 runed translucent door, hgbash's ghost, novice MiBe


Innate Abilities, Weirdness & Mutations

Your life essence is reduced to manifest your ancestor. (-10% HP)
You can breathe blasts of noxious fumes.
Your lurid green scales are hard. (AC +7)
You cannot fit into any form of body armour.
Your system is resistant to poisons. (rPois)
You are cold-blooded and may be slowed by cold attacks.


Message History

Confirm with . or Enter, or press ? or * to list all spells.
The spell is quite dangerous to miscast (8% risk of failure)!
Continue anyway?
You miscast Irradiate.
Nothing appears to happen.
Matia hits the yak!
The wight hits you with a +0 mace. The yak closely misses you.
Unknown command.
Casting: Irradiate (quite dangerous; 8% risk of failure)
Confirm with . or Enter, or press ? or * to list all spells.
The spell is quite dangerous to miscast (8% risk of failure)!
Continue anyway?
You erupt in a fountain of uncontrolled magic!
Matia avoids your attack.
The yak is blasted with magical radiation!!
You kill the yak!
Matia avoids your attack.
The wight is blasted with magical radiation!!
You destroy the wight!
You are lightly contaminated with residual magic.
Training target 12.0 for Conjurations reached!
Your Conjurations skill increases to level 12!
Unknown command.
You start resting.
Your magical contamination has completely faded away.
You start resting.
Magic restored.
You start resting.
HP restored.
Okay, then.
You climb downwards.
You block the yak's attack. The yak gores you.
The wight hits you with a +0 mace. The yak gores you! x2
The white imp gestures at you. The puff of frost hits you!
You block the wight's attack. The yak gores you. The yak gores you!
* * * LOW HITPOINT WARNING * * *
There is a stone staircase leading up, spattered with blood here.
The yak gores you but does no damage. The yak barely misses you.
The yak gores you.
* * * LOW HITPOINT WARNING * * *
The wight hits you with a +0 mace.
* * * LOW HITPOINT WARNING * * *
You feel drained.
You die...

##..... ......#
......# ......#
. # .......
..#. Y......
.....###Y......
#..R@YSY....
###.Yz......
#..z.......
#...........
#.5.....#....
#.......#.##.
#......... #
...#.##.....
..[## ##.....


You could see the friendly Matia the ancestor, 5 yaks, a water moccasin, 2
wights and a white imp.

Vanquished Creatures
  A troll (D:6)
  3 yaks
  A water moccasin (D:6)
  An ice beast (D:5)
  An orc warrior (D:6)
  2 black bears
  An ogre (D:6)
  2 centaurs (D:6)
  2 phantoms
  2 bullfrogs
  A scorpion (D:6)
  3 wights (D:7)
  6 electric eels (D:6)
  2 hounds (D:5)
  4 orc priests
  Crazy Yiuf (D:3)
  Ijyb (D:5)
  Jessica (D:3)
  3 iguanas
  4 orc wizards
  Robin (D:3)
  3 gnolls (D:7)
  7 adders
  2 white imps (D:5)
  2 worms
  2 dart slugs
  18 orcs
  6 endoplasms
  12 goblins
  7 hobgoblins
  2 jackals (D:4)
  4 kobolds
  3 quokkas
  6 ball pythons
  10 bats
  A frilled lizard (D:3)
  5 rats
133 creatures vanquished.

Vanquished Creatures (collateral kills)
  A yak (D:7)
  A sky beast (D:8)
  A scorpion (D:6)
  A hound (D:7)
  An orc wizard (D:6)
  A gnoll (D:7)
  An adder (D:6)
  A shadow imp (D:6)
  A white imp (D:7)
9 creatures vanquished.

Vanquished Creatures (others)
  An ancestor (D:7)
  5 plants (D:6)
6 creatures vanquished.

Grand Total: 148 creatures vanquished

Notes
Turn   | Place    | Note
-------+----------+-------------------------------------------
     0 | D:1      | experimilk the Draconian Conjurer began the quest for the
                  | Orb.
     0 | D:1      | Reached XP level 1. HP: 14/14 MP: 3/3
   304 | D:1      | Reached XP level 2. HP: 20/20 MP: 0/5
   307 | D:1      | Learned a level 2 spell: Searing Ray
  1140 | D:2      | Reached XP level 3. HP: 26/26 MP: 0/6
  1518 | D:2      | Found a snail-covered altar of Cheibriados.
  1981 | D:2      | Reached skill level 5 in Conjurations
  2042 | D:2      | Identified the +0 helmet of Sif Muna, Shimmering {rPois
                  | rC+}
  2625 | D:3      | Reached XP level 4. HP: 33/33 MP: 6/8
  3019 | D:3      | Noticed Robin
  3027 | D:3      | Killed Robin
  3262 | D:3      | Reached XP level 5. HP: 38/38 MP: 2/9
  3351 | D:3      | Noticed Jessica
  3360 | D:3      | Killed Jessica
  3361 | D:3      | Reached skill level 6 in Conjurations
  3367 | D:3      | Learned a level 5 spell: Irradiate
  3489 | D:3      | Found a transporter.
  3542 | D:3      | Found a transporter.
  3643 | D:3      | Found a runed translucent door.
  3644 | D:3      | Noticed Crazy Yiuf
  3964 | D:3      | Killed Crazy Yiuf
  3965 | D:3      | Reached XP level 6. HP: 36/45 MP: 6/10
  4037 | D:4      | Reached skill level 7 in Conjurations
  4386 | D:4      | Found a hide-covered altar of Uskayaw.
  4394 | D:4      | Found a staircase to the Ecumenical Temple.
  4425 | Temple   | Entered the Ecumenical Temple
  4609 | Temple   | Became a worshipper of Hepliaklqana the Forgotten
  5170 | D:5      | Entered Level 5 of the Dungeon
  5433 | D:5      | Reached skill level 8 in Conjurations
  5433 | D:5      | Your scales start taking on a lurid green colour.
  5433 | D:5      | Reached XP level 7. HP: 47/50 MP: 11/11
  5433 | D:5      | Gained mutation: Your system is resistant to poisons.
                  | (rPois) [Green Draconian growth]
  5449 | D:5      | Noticed Ijyb
  5457 | D:5      | Killed Ijyb
  5662 | D:5      | Learned a level 3 spell: Mephitic Cloud
  6174 | D:5      | Reached skill level 9 in Conjurations
  6473 | D:5      | Found a runed translucent door.
  6473 | D:5      | Noticed hgbash's ghost (novice MiBe)
  6554 | D:6      | Reached * piety under Hepliaklqana
  6570 | D:6      | Reached skill level 1 in Transmutations
  6618 | D:6      | Reached XP level 8. HP: 51/51 MP: 0/13
  6865 | D:6      | Noticed a troll
  6872 | D:6      | Killed a troll
  6907 | D:6      | Reached skill level 10 in Conjurations
  9919 | D:6      | Found a basalt altar of Yredelemnul.
 10116 | D:6      | Reached skill level 5 in Spellcasting
 10116 | D:6      | Reached XP level 9. HP: 55/55 MP: 11/16
 10190 | D:6      | Reached skill level 11 in Conjurations
 10577 | D:6      | Found a stormy altar of Qazlal.
 10792 | D:7      | Found a radiant altar of Vehumet.
 11116 | D:7      | Found a shadowy altar of Dithmenos.
 11170 | D:7      | Found a sacrificial altar of Ru.
 11237 | D:7      | Found an opulent altar of Gozag.
 11810 | D:7      | Learned a level 5 spell: Blade Hands
 11817 | D:7      | Reached skill level 12 in Conjurations
 11942 | D:8      | HP: 2/55 [wight/+0 mace (4)]
 11942 | D:8      | Slain by a wight

Illustrated notes

Levels and vault maps discovered:
D:1:      amcnicky_arrival_single_pillar, layout_basic
D:2:      wad_pebble_path, layout_basic, basic_altar
D:3:      gammafunk_steamed_eel, layout_loops_ring, st_stairs_9, uniq_robin,
          uniq_crazy_yiuf_cottage, uniq_jessica
D:4:      layout_basic, mainiacjoe_overflow_cross_hatched,
          minmay_temple_entry_statues_fountains, serial_glass, glass_columns_a,
          glass_columns_a, due_unseen_surprise, feat_on_display
D:5:      cheibrodos_quashed, layout_basic, gammafunk_ghost_grave,
          minmay_manual_mail, uniq_ijyb
D:6:      cheibrodos_two_vegetables, layout_loops_ring, marbit_many_paths,
          kennysheep_mini_moat, eino_small_chamber_without_monster
D:7:      layout_rooms, mainiacjoe_overflow_six_doors_small,
          nicolae_ru_sacrificial_ziggurat, lemuel_doored_altar,
          old_standard_altar, feat_on_display
D:8:      layout_cave_pools, lair_entry_dummy
Temple:   jpeg_temple_clearing

Skill      XL: |  1  2  3  4  5  6  7  8  9 |
---------------+----------------------------+-----
Conjurations   | 5 6 8 9 10 12 | 12.0
Spellcasting   | 3 5 |  5.9
Transmutations | 1 3 |  3.4
Dodging        | |  1.7
Stealth        | |  1.7
Unarmed Combat | |  0.9

Action                   |  1- 3 |  4- 6 |  7- 9 || total
-------------------------+-------+-------+-------++-------
Melee: Short sword       |     8 |       |       ||     8
       Unarmed           |     2 |       |    15 ||    17
       Whip              |       |    10 |     1 ||    11
       Quarterstaff      |       |     3 |       ||     3
       Tailslap          |       |       |     1 ||     1
 Cast: Magic Dart        |    59 |    54 |    28 ||   141
       Searing Ray       |     5 |    23 |    50 ||    78
       Mephitic Cloud    |       |       |     2 ||     2
       Irradiate         |       |       |     2 ||     2
Invok: Recall Ancestor   |       |       |     1 ||     1
 Abil: Breathe Noxious F |       |       |    12 ||    12
Evoke: Wand              |       |       |     3 ||     3
  Use: Potion            |       |     1 |     1 ||     2
       Scroll            |       |     6 |     5 ||    11
 Stab: Sleeping          |       |     1 |       ||     1
Armor: Skin              |     4 |     5 |    17 ||    26
Dodge: Dodged            |    12 |    12 |    32 ||    56
Block: Other             |       |     4 |    15 ||    19
       Reflection        |       |       |     1 ||     1

Table legend: (Time is in decaauts)
 A = Elapsed time spent in this place.
 B = Non-inter-level travel time spent in this place.
 C = Inter-level travel time spent in this place.
 D = Time resting spent in this place.
 E = Time spent auto-exploring this place.
 F = Levels seen in this place.
 G = Mean time per level.
                   A        B        C        D        E       F      G
               +--------+--------+--------+--------+--------+-----+--------+
         Total |  11977 |  11727 |    250 |   4377 |   6317 |   9 | 1330.8 |
       Dungeon |  11782 |  11541 |    241 |   4377 |   6208 |   8 | 1472.8 |
        Temple |    194 |    185 |      9 |      0 |    109 |   1 |  194.0 |
               +--------+--------+--------+--------+--------+-----+--------+

Top non-repeatable levels by time:
     D:6: 4240 daAuts
     D:3: 1669 daAuts
     D:5: 1380 daAuts
     D:2: 1372 daAuts
     D:7: 1166 daAuts
     D:1: 992 daAuts
     D:4: 941 daAuts
  Temple: 194 daAuts
     D:8: 19 daAuts
